 Dungeon Crawl Stone Soup version 0.25.1-11-g244df3a29b (webtiles) character file.

Game seed: 9260864934004360788

8510 kate the Twirler (level 11, 0/75 HPs)
             Began as a Demonspawn Fighter on Apr 11, 2024.
             Was a Priest of Hepliaklqana.
             Slain by a bullfrog (4 damage)
             ... on level 10 of the Dungeon.
             The game lasted 00:18:04 (9377 turns).

kate the Twirler (Demonspawn Fighter)               Turns: 9377, Time: 00:18:05

Health: 0/75       AC: 14    Str: 19    XL:     11   Next: 10%
Magic:  0/11       EV: 12    Int: 10    God:    Hepliaklqana [***...]
Gold:   426        SH:  5    Dex: 19    Spells: 10/10 levels left

rFire    . . .     SeeInvis .   h - +3 war axe (freeze)
rCold    . . .     Gourm    .   o - +0 buckler (curse)
rNeg     . . .     Faith    .   b - +0 scale mail
rPois    +         Spirit   +   (no helmet)
rElec    .         Reflect  .   y - +2 cloak
rCorr    .         Harm     .   (no gloves)
MR       .....                  (no boots)
Stlth    ++........             I - amulet of guardian spirit (curse)
HPRegen  0.22/turn              n - +6 ring of dexterity
MPRegen  0.12/turn              E - ring of poison resistance

@: studying Crossbows
A: reduced essence, hooves 1, molten scales 2, nightstalker 1, powered by death
1
a: Recall Ancestor, Ancestor Identity, Transference, Renounce Religion


You were on level 10 of the Dungeon.
You worshipped Hepliaklqana.
Hepliaklqana was most pleased with you.
You were not hungry.

You visited 1 branch of the dungeon, and saw 10 of its levels.
You also visited: Sewer.

You collected 426 gold pieces.

Inventory:

Hand Weapons
 a - a +0 trident
 h - a +3 war axe of freezing (weapon)
 t - a +2 quarterstaff of chaos
 K - a +3 battleaxe
Missiles
 q - 6 boomerangs
 s - 2 silver javelins (quivered)
 G - 3 atropa-tipped darts
 L - 4 datura-tipped darts
 N - 19 poisoned darts
Armour
 b - a +0 scale mail (worn)
 c - a +0 kite shield
 o - a cursed +0 buckler (worn)
 u - a +0 cloak
 y - a +2 cloak (worn)
Jewellery
 n - a +6 ring of dexterity (left hand)
 A - an uncursed ring of ice
 E - a ring of poison resistance (right hand)
 H - an uncursed ring of resist corrosion
 I - a cursed amulet of guardian spirit (around neck)
 R - a cursed amulet of inaccuracy {unknown}
Wands
 d - a wand of paralysis (10)
 x - a wand of polymorph (20)
 C - a wand of enslavement (9)
 Q - a wand of digging (5)
Scrolls
 g - 3 scrolls of fear {unknown}
 i - 7 scrolls of magic mapping
 j - 3 scrolls of enchant armour
 k - 4 scrolls of remove curse
 m - a scroll of noise {unknown}
 p - a scroll of fog {unknown}
 w - 3 scrolls of teleportation {unknown}
 z - a scroll of enchant weapon {unknown}
 M - 2 scrolls of amnesia {unknown}
 O - a scroll of random uselessness {unknown}
 T - a scroll of torment {unknown}
Potions
 e - 3 potions of stabbing {unknown}
 l - 5 potions of curing
 r - 4 potions of flight
 v - a potion of berserk rage
 B - 6 potions of brilliance
 J - a potion of ambrosia {unknown}
 P - a potion of haste {unknown}
Books
 F - a manual of Crossbows
Comestibles
 f - 18 rations
 S - 7 chunks of flesh


   Skills:
 + Level 7.5 Fighting
 + Level 7.3(7.9) Axes
 + Level 4.2(8.1) Polearms
 + Level 7.8(8.3) Staves
 + Level 0.5 Throwing
 + Level 7.5 Armour
 + Level 3.9 Dodging
 - Level 2.2 Stealth
 - Level 3.8 Shields


You had 10 spell levels left.
You didn't know any spells.
Your spell library contained the following spells:

 Spells                   Type           Power        Failure   Level  Hunger
 Magic Dart               Conj           #...         71%         1    ##.....
 Blink                    Tloc           N/A          83%         2    ###....
 Call Imp                 Summ           #.......     83%         2    ###....
 Slow                     Hex            #.......     83%         2    ###....
 Confusing Touch          Hex            #.......     97%         3    ####...
 Conjure Flame            Conj/Fire      #.......     97%         3    ####...
 Gell's Gravitas          Tloc           #.........   97%         3    ####...
 Mephitic Cloud           Conj/Pois/Air  #.......     97%         3    ####...
 Petrify                  Tmut/Erth      #.......     100%        4    #####..
 Metabolic Englaciation   Hex/Ice        #.........   100%        5    ######.
 Yara's Violent Unravell  Hex/Tmut       #.........   100%        5    ######.


Dungeon Overview and Level Annotations

Branches:
Dungeon (10/15)            Temple (0/1) D:5            Lair (0/6) D:9
  Sewer (visited)
    Orc: D:9-12

Altars:
Cheibriados
Dithmenos
Elyvilon
Gozag
Hepliaklqana
Kikubaaqudgha
Okawaru
Sif Muna
Trog
Xom
Yredelemnul
The Shining One

Shops:
D:4 [


Innate Abilities, Weirdness & Mutations

You have large cloven feet.
You are mostly covered in molten scales. (AC +3)
You are slightly more attuned to the shadows.
You regenerate a little health from kills.
Your life essence is reduced to manifest your ancestor. (-10% HP)


Message History

Ahhotep closely misses something.
The jelly hits Ahhotep.
Ahhotep is splashed with acid.
The acid corrodes Ahhotep!
The battlesphere moves out of view.
Something hits you but does no damage.
The adder barely misses Ahhotep.
Something hits you but does no damage.
Found a scroll of remove curse.
A quokka comes into view.
Something hits you but does no damage.
The bullfrog hits you but does no damage.
Something hits you.
* * * LOW HITPOINT WARNING * * *
The adder bites Ahhotep.
You block the bullfrog's attack. Something hits you but does no damage.
You feel better. You block something's attack. You block the bullfrog's attack.
Ahhotep points at something and mumbles some strange words.
The puff of frost hits something!
The adder closely misses Ahhotep.
Something hits you.
* * * LOW HITPOINT WARNING * * *
The bullfrog hits you.
You die...

.....#..#
.....#u.#
......J##
.....#.#
.....#.#
....##S#####
...##R.......
..##F........
#@.........
.......{........
##.###..........
..........?
##.......r.
#........
........


You could see the friendly Ahhotep the battlemage (corroded), a bullfrog and an
adder.

Vanquished Creatures
  A two-headed ogre (D:8)
  An ugly thing (D:10)
  A hornet (D:10)
  Grinder (D:4)
  Prince Ribbit (D:6)
  A wyvern (D:8)
  6 yaks (D:9)
  A sky beast (D:10)
  4 orc warriors
  3 black bears
  4 ice beasts
  2 phantoms
  A hornet zombie (D:8)
  A centaur (D:8)
  6 ogres
  3 bullfrogs
  2 wyvern skeletons
  A water moccasin skeleton (D:6)
  6 killer bees (D:9)
  A scorpion (D:9)
  9 wights
  2 centaur zombies
  A crimson imp (D:8)
  2 bullfrog zombies (D:5)
  A centaur skeleton (D:9)
  Crazy Yiuf (D:3)
  5 hounds
  4 orc wizards
  A bullfrog skeleton (D:10)
  Ijyb (D:5)
  4 iguanas
  3 worker ants
  3 hound skeletons
  Robin (D:3)
  7 adders
  2 river rats (Sewer)
  2 shadow imps
  4 adder skeletons
  3 worms
  3 dart slugs
  7 leopard geckos
  18 orcs
  5 ball pythons
  13 giant cockroaches
  14 goblins
  9 hobgoblins
  10 jackals
  11 kobolds
  3 quokkas (D:5)
  4 bats
  5 frilled lizards
  8 rats
  A plant (D:9)
  A withered plant (D:8)
215 creatures vanquished.

Vanquished Creatures (collateral kills)
  A wyvern (D:9)
  A yak (D:6)
  A hungry ghost (D:7)
  A black bear (D:9)
  A phantom (D:5)
  2 ogres
  A centaur (D:7)
  3 big kobolds
  4 bullfrogs
  A scorpion (D:6)
  A killer bee (D:9)
  4 wights
  5 crimson imps
  A hound (D:8)
  An orc wizard (D:9)
  A hound skeleton (D:6)
  6 adders
  A river rat (Sewer)
  An ooze (D:4)
  2 adder skeletons
  An adder zombie (D:6)
  An orc (D:9)
  4 goblins (D:3)
  A hobgoblin (D:7)
  6 jackals
  A bat (D:2)
  2 frilled lizards
  7 kobolds
  A plant (D:9)
63 creatures vanquished.

Vanquished Creatures (others)
  A battlemage (D:10)
  2 ancestors
  A fungus (D:9)
  2 withered plants (D:8)
6 creatures vanquished.

Grand Total: 284 creatures vanquished

Notes
Turn   | Place    | Note
-------+----------+-------------------------------------------
     0 | D:1      | kate the Demonspawn Fighter began the quest for the Orb.
     0 | D:1      | Reached XP level 1. HP: 18/18 MP: 1/1
   275 | D:1      | Gained mutation: You are partially covered in molten
                  | scales. (AC +2) [demonic ancestry]
   275 | D:1      | Reached XP level 2. HP: 16/24 MP: 2/2
   717 | D:1      | Reached XP level 3. HP: 29/29 MP: 3/3
   978 | D:2      | Found a shadowy altar of Dithmenos.
  1195 | D:2      | Reached XP level 4. HP: 30/35 MP: 4/4
  1327 | D:2      | Found a hazy altar of Hepliaklqana.
  1338 | D:2      | Became a worshipper of Hepliaklqana the Forgotten
  2143 | D:3      | Found a glowing golden altar of the Shining One.
  2294 | D:3      | Noticed Robin
  2309 | D:3      | Killed Robin
  2322 | D:3      | Gained mutation: You regenerate a little health from kills.
                  | [demonic ancestry]
  2322 | D:3      | Reached XP level 5. HP: 19/36 MP: 5/5
  2610 | D:3      | Found a faded altar of an unknown god.
  2778 | D:3      | Reached * piety under Hepliaklqana
  2842 | D:3      | Found a runed translucent door.
  2843 | D:3      | Noticed Crazy Yiuf
  2992 | D:3      | Killed Crazy Yiuf
  3173 | D:4      | Noticed Grinder
  3192 | D:4      | Paralysed by Grinder for 3 turns
  3199 | D:4      | Killed Grinder
  3199 | D:4      | Reached skill level 1 in Staves
  3199 | D:4      | Reached skill level 1 in Dodging
  3199 | D:4      | Reached XP level 6. HP: 3/43 MP: 6/6
  3478 | D:4      | Found Wuil Kox's Antique Armour Emporium.
  3748 | D:4      | Reached ** piety under Hepliaklqana
  3927 | D:5      | Entered Level 5 of the Dungeon
  3927 | D:5      | Noticed Ijyb
  3934 | D:5      | Killed Ijyb
  3934 | D:5      | Gained mutation: You have large cloven feet. [demonic
                  | ancestry]
  3934 | D:5      | Reached XP level 7. HP: 48/48 MP: 7/7
  3966 | D:5      | Remembered your ancestor Ahhotep as a battlemage
  3967 | D:5      | Found a shimmering blue altar of Sif Muna.
  3973 | D:5      | Found a basalt altar of Yredelemnul.
  4206 | D:5      | Found a staircase to the Ecumenical Temple.
  4615 | D:6      | Gained mutation: You are mostly covered in molten scales.
                  | (AC +3) [demonic ancestry]
  4615 | D:6      | Reached XP level 8. HP: 46/54 MP: 8/8
  4686 | D:6      | Found a glowing drain.
  4700 | Sewer    | Entered a sewer
  4706 | Sewer    | Reached skill level 5 in Staves
  4793 | Sewer    | Reached skill level 1 in Stealth
  4928 | Sewer    | Found a white marble altar of Elyvilon.
  5020 | D:6      | Reached skill level 5 in Fighting
  5046 | D:6      | Reached skill level 5 in Armour
  5229 | D:6      | Noticed Prince Ribbit
  5245 | D:6      | Killed Prince Ribbit
  5245 | D:6      | Reached XP level 9. HP: 25/61 MP: 9/9
  6198 | D:7      | Found a snail-covered altar of Cheibriados.
  6198 | D:7      | Found a white marble altar of Elyvilon.
  6417 | D:7      | Found a shimmering altar of Xom.
  6730 | D:8      | Reached skill level 1 in Axes
  7266 | D:8      | Reached *** piety under Hepliaklqana
  7284 | D:8      | Noticed a two-headed ogre
  7290 | D:8      | Reached XP level 10. HP: 55/68 MP: 7/10
  7293 | D:8      | Killed a two-headed ogre
  7325 | D:8      | Found an ancient bone altar of Kikubaaqudgha.
  7420 | D:8      | Found a bloodstained altar of Trog.
  7422 | D:8      | Found an iron altar of Okawaru.
  7864 | D:9      | Found an opulent altar of Gozag.
  7898 | D:9      | Reached skill level 5 in Axes
  8223 | D:9      | Found a staircase to the Lair.
  9004 | D:10     | Entered Level 10 of the Dungeon
  9029 | D:10     | Paralysed by a hornet for 1 turns
  9115 | D:10     | Noticed a brown ugly thing
  9125 | D:10     | Killed a brown ugly thing
  9125 | D:10     | Gained mutation: You are slightly more attuned to the
                  | shadows. [demonic ancestry]
  9125 | D:10     | Reached XP level 11. HP: 56/75 MP: 7/11
  9314 | D:10     | Noticed a two-headed ogre
  9314 | D:10     | Noticed a deep elf mage
  9315 | D:10     | Noticed a green ugly thing
  9318 | D:10     | Identified the +0 ring mail of the Black Skies {rElec}
  9375 | D:10     | HP: 3/75 [something (4)]
  9377 | D:10     | Slain by a bullfrog

Illustrated notes

Levels and vault maps discovered:
D:1:      eino_arrival_water_cross, layout_loops_cross, minmay_misc_feat_plants
D:2:      layout_loops_ring, old_standard_altar, lemuel_doored_altar,
          first_ration, minivault_24
D:3:      layout_loops_corners, overflow_temple_1_default,
          chequers_ecumenical_altar_twisty, uniq_robin, uniq_crazy_yiuf_cottage
D:4:      layout_cave_pools, serial_shops, nicolae_shop_waterfront, uniq_grinder
D:5:      layout_loops_ring, led_sif_pool, yredelemnul_altar_generic,
          minmay_temple_entry_antechambers, uniq_ijyb
D:6:      layout_gridville, portal_sewer_entry_b, minmay_manual_mandibuliform,
          uniq_prince_ribbit1
D:7:      layout_rooms, tgw_xom, gammafunk_temple_overflow_elements
D:8:      layout_loops_ring, grunt_temple_overflow_bloody_war,
          kiku_gazebo_garden_becter
D:9:      layout_rooms, grunt_gozag_breadcrumbs, grunt_lair_entry_orc_guard_hut
D:10:     minmay_the_grid_octo_tiled_octocenter [minmay_the_grid_octo_shrine,
          minmay_the_grid_octo_empty, minmay_the_grid_octo_chip,
          minmay_the_grid_octo_thin_diamonds, minmay_the_grid_octo_prize_star,
          minmay_the_grid_square_5x5_mess,
          minmay_the_grid_square_5x5_doubleslash,
          minmay_the_grid_square_5x5_inverted_slash,
          minmay_the_grid_square_5x5_six], layout_long_grid, grunt_tengu_nest

Skill      XL: |  1  2  3  4  5  6  7  8  9 10 |
---------------+-------------------------------+-----
Shields        | 3 |  3.8
Armour         | 3 4 5 6 7 |  7.5
Polearms       | 2 3 4 |  4.2
Staves         | 1 4 6 7 |  7.8
Dodging        | 1 2 3 |  3.9
Fighting       | 4 5 6 7 |  7.5
Stealth        | 1 2 |  2.2
Axes           | 3 7 |  7.3
Throwing       | |  0.5

Action                   |  1- 3 |  4- 6 |  7- 9 | 10-12 || total
-------------------------+-------+-------+-------+-------++-------
Melee: Trident           |   145 |   145 |       |       ||   290
       Quarterstaff      |       |    53 |   184 |       ||   237
       Kick              |       |       |    95 |   104 ||   199
       War axe           |       |       |    87 |   240 ||   327
Throw: Javelin           |       |     4 |       |       ||     4
Invok: Recall Ancestor   |       |     1 |       |       ||     1
       Ancestor Life: Ba |       |       |     1 |       ||     1
  Use: Potion            |       |     2 |       |     4 ||     6
       Scroll            |       |       |     6 |     1 ||     7
 Stab: Distracted        |       |     1 |     3 |     1 ||     5
       Petrified         |       |       |     1 |       ||     1
  Eat: Chunk             |     1 |     9 |     8 |     8 ||    26
       Ration            |       |       |     1 |       ||     1
Armor: Scale mail        |    43 |   101 |   131 |   124 ||   399
Dodge: Dodged            |    27 |    72 |   146 |   147 ||   392
Block: Kite shield       |    43 |    71 |       |       ||   114
       Buckler           |       |       |    16 |    63 ||    79
